 Dungeon Crawl Stone Soup version 0.27.0-1-g7a08968 (webtiles) character file.

Game seed: 10959647356486615865

42 DreamSheep the Skirmisher (level 3, -2/24 HPs)
             Began as a Gargoyle Monk on Aug 15, 2021.
             Was a Priest of Cheibriados.
             Slain by a gnoll (4 damage)
             ... on level 2 of the Dungeon.
             The game lasted 00:02:23 (1398 turns).

DreamSheep the Skirmisher (Gargoyle Monk)           Turns: 1398, Time: 00:02:24

Health: -2/24      AC:  5    Str: 21    XL:     3   Next: 56%
Magic:  3/4        EV: 13    Int: 18    God:    Cheibriados [***...]
Gold:   79         SH:  0    Dex: 19    Spells: 2/2 levels left

rFire    . . .     SeeInvis .   a - +0 mace
rCold    . . .     Faith    .   (no shield)
rNeg     + . .     Spirit   .   b - +0 robe
rPois    ∞         Reflect  .   (no helmet)
rElec    +         Harm     .   (no cloak)
rCorr    .         Rampage  .   (no gloves)
Will     .....                  (no boots)
Stlth    ++........             (no amulet)
HPRegen  0.08/turn              (no ring)
MPRegen  0.09/turn              (no ring)

@: very slow
A: sickness immunity, AC +3, negative energy resistance 1, electricity
resistance, torment resistance 1, petrification resistance
a: Renounce Religion, Bend Time, Temporal Distortion


You were on level 2 of the Dungeon.
You worshipped Cheibriados.
Cheibriados was most pleased with you.
You visited 1 branch of the dungeon, and saw 2 of its levels.

You collected 79 gold pieces.

Inventory:

Hand Weapons
 a - a +0 mace (weapon)
Armour
 b - a +0 robe (worn)
Jewellery
 d - a ring of magical power
Scrolls
 f - a scroll of identify {unknown}
Potions
 c - a potion of cancellation {unknown}
 e - a potion of haste {unknown}


   Skills:
 + Level 3.8 Fighting
 + Level 3.3 Maces & Flails
 + Level 0.7 Armour
 - Level 2.6 Dodging
 - Level 2.2 Stealth
 * Level 1.3 Invocations


You had 2 spell levels left.
You didn't know any spells.
Your spell library was empty.

Dungeon Overview and Level Annotations

Branches:
Dungeon (2/15)

Altars:
Cheibriados

Annotations:
D:2 1 runed translucent door, Crazy Yiuf


Innate Abilities, Weirdness & Mutations

You are immune to sickness and miasma.
Your stone body is resilient. (AC +3)
You are immune to poison.
You resist negative energy. (rN+)
You are resistant to electric shocks. (rElec)
You are resistant to unholy torment.
You are immune to petrification.


Message History

There is a stone staircase leading down here.
Things that are here:
a +2 dagger of speed; a goblin corpse
Found a mace.
Found a runed translucent door.
Crazy Yiuf shouts!
You open the door. 2 jackals and a gnoll come into view.
The jackal barks! x2; The gnoll shouts!
The jackal bites you.
The jackal bites you but does no damage.
The gnoll hits you from afar with a +0 spear!
The jackal closely misses you. x2; The gnoll barely misses you.
The jackal closely misses you.
There is an open door here.
You hit the jackal.
The jackal is severely wounded.
The jackal misses you.
The jackal bites you but does no damage.
The gnoll closely misses you. The jackal bites you.
You thump the jackal!
You kill the jackal!
Cheibriados appreciates the change of pace.
The jackal bites you.
The gnoll hits you from afar with a +0 spear.
You are too injured to fight recklessly!
You are too injured to fight recklessly!
You are too injured to fight recklessly!
You are too injured to fight recklessly!
You are too injured to fight recklessly!
You are too injured to fight recklessly!
You are too injured to fight recklessly!
You are too injured to fight recklessly!
The jackal barely misses you.
The gnoll hits you from afar with a +0 spear.
* * * LOW HITPOINT WARNING * * *
The jackal bites you.
* * * LOW HITPOINT WARNING * * *
The jackal closely misses you.
The gnoll hits you from afar with a +0 spear.
You die...

♣♣ ♣♣.....# ♣♣###.# #.#
#.# #### #.# ...## #.#
....# #.########## ....#
#..........# ....#
###....@...# .##.#
#..PhP...# .##.#
####g###.# .##.# +†..#.#
.##.######### #...#.######
.......)....# +...#......#
.########.##########.....#
. #......#...............#
###.....#.###.######.....#


You could see a gnoll and a jackal.

Vanquished Creatures
  An adder (D:2)
  2 dart slugs (D:1)
  3 endoplasms (D:1)
  5 goblins
  2 hobgoblins
  3 jackals
  A quokka (D:1)
  5 ball pythons
  3 bats
  A kobold (D:2)
  A rat (D:1)
27 creatures vanquished.

Notes
Turn   | Place    | Note
-------+----------+-------------------------------------------
     0 | D:1      | DreamSheep the Gargoyle Monk began the quest for the Orb.
     0 | D:1      | Reached XP level 1. HP: 14/14 MP: 1/1
   210 | D:1      | Reached XP level 2. HP: 19/19 MP: 2/2
   468 | D:1      | Found a faded altar of an unknown god.
   468 | D:1      | Noticed a shadow demon
   476 | D:1      | Became a worshipper of Cheibriados the Contemplative
   476 | D:1      | Reached * piety under Cheibriados
   476 | D:1      | Reached ** piety under Cheibriados
   546 | D:1      | Reached *** piety under Cheibriados
   743 | D:1      | Reached XP level 3. HP: 23/24 MP: 3/3
   955 | D:2      | Reached skill level 1 in Invocations
  1369 | D:2      | Found a runed translucent door.
  1370 | D:2      | Noticed Crazy Yiuf
  1398 | D:2      | Slain by a gnoll

Illustrated notes

Levels and vault maps discovered:
D:1:      dpeg_arrival_more_subterranean_lakeside_camping, layout_loops_cross,
          dreamdust_ecumenical_altar_sealed_demon
D:2:      minmay_inner_zag, layout_loops_ring, cheibrodos_gnoll_hut,
          uniq_natasha, uniq_crazy_yiuf_cottage

Skill      XL: |  1  2  3 |
---------------+----------+-----
Invocations    | 1 |  1.3
Fighting       | |  3.8
Maces & Flails | |  3.3
Armour         | |  0.7
Dodging        | |  2.6
Stealth        | |  2.2

Action                   || total
-------------------------++-------
Melee: Mace              ||    50
 Stab: Sleeping          ||    11
Armor: Robe              ||    15
Dodge: Dodged            ||    30
